 Dungeon Crawl Stone Soup version 0.29-a0-997-gf6f7e2dfe7 (webtiles) character file.

Game seed: 16822310331307041037

1724 quixfox the Digger (level 9, -2/52 HPs)
             Began as a Gargoyle Earth Elementalist on Aug 5, 2022.
             Was a Follower of Vehumet.
             Slain by an orc warrior
             ... wielding a +0 flail
              (13 damage)
             ... on level 6 of the Dungeon.
             The game lasted 00:13:43 (5091 turns).

quixfox the Digger (Gargoyle Earth Elementalist)    Turns: 5091, Time: 00:13:44

Health: -2/52      AC: 10    Str: 11    XL:     9   Next: 4%
Magic:  12/17      EV: 11    Int: 21    God:    Vehumet [*.....]
Gold:   288        SH:  0    Dex: 10    Spells: 8/18 levels left

rFire   . . .      SeeInvis .   k - staff of conjuration
rCold   . . .      Faith    .   (no shield)
rNeg    + . .      Spirit   .   a - +0 robe
rPois   ∞          Reflect  .   g - +0 helmet
rElec   +          Harm     .   d - +0 cloak
rCorr   .          Rampage  .   (no gloves)
Will    .....                   (no boots)
Stlth   ++........              (no amulet)
HPRegen 0.17/turn               (no ring)
MPRegen 0.15/turn               (no ring)

@: flying
A: sickness immunity, AC +6, negative energy resistance 1, electricity
resistance, torment resistance 1, petrification resistance
a: Renounce Religion


You were on level 6 of the Dungeon.
You worshipped Vehumet.
Vehumet was aware of your devotion.
You visited 1 branch of the dungeon, and saw 6 of its levels.

You collected 288 gold pieces.

Inventory:

Armour
 a - a +0 robe (worn)
 d - a +0 cloak (worn)
 g - a +0 helmet (worn)
Magical Staves
 k - a staff of conjuration (weapon)
 u - a staff of fire
Jewellery
 s - a ring of ice
Wands
 q - a wand of polymorph (9)
 r - a wand of flame (5)
 w - a wand of mindburst (8)
Scrolls
 n - 2 scrolls of amnesia
 v - 2 scrolls of butterflies
Potions
 b - a potion of magic
 c - a potion of berserk rage
 e - 3 potions of flight
 f - a potion of might {unknown}
 h - 2 potions of resistance
 i - a potion of mutation {unknown}
 j - 2 potions of haste
 l - 2 potions of invisibility
 m - a potion of ambrosia {unknown}
 o - a potion of brilliance {unknown}
 p - a potion of heal wounds {unknown}
 t - 2 potions of cancellation


   Skills:
 + Level 3.9 Fighting
 - Level 1.5 Dodging
 - Level 2.1 Stealth
 + Level 5.4 Spellcasting
 + Level 5.4 Conjurations
 - Level 0.7 Transmutations
 + Level 4.3 Fire Magic
 + Level 7.7 Earth Magic


You had 8 spell levels left.
You knew the following spells:

 Your Spells              Type           Power      Damage    Failure   Level
a - Sandblast             Erth           76%        2d16      1%          1
b - Passwall              Tmut/Erth      19%        N/A       2%          2
c - Stone Arrow           Conj/Erth      100%       3d13      1%          3
d - Sticky Flame          Conj/Fire      39%        2d6       14%         4

Your spell library contained the following spells:

 Spells                   Type           Power      Damage    Failure   Level
 Foxfire                  Conj/Fire      100%       2x1d9     1%          1
 Static Discharge         Conj/Air       25%        3-7/arc   4%          2
 Petrify                  Tmut/Erth      23%        N/A       19%         4
 Tukima's Dance           Hex            5%         N/A       30%         3
 Dispel Undead            Necr           5%         3d7       71%         4
 Passage of Golubria      Tloc           5%         N/A       71%         4
 Yara's Violent Unravell  Hex/Tmut       3%         3d4       94%         5


Dungeon Overview and Level Annotations

Branches:
Dungeon (6/15)
 Temple: D:4-7

Altars:
Dithmenos
Elyvilon
Fedhas
Vehumet
Xom
The Shining One

Shops:
D:3 (


Innate Abilities, Weirdness & Mutations

You are immune to sickness and miasma.
Your stone body is resilient. (AC +6)
You are immune to poison.
You resist negative energy. (rN+)
You are resistant to electric shocks. (rElec)
You are resistant to unholy torment.
You are immune to petrification.


Message History

Vehumet accepts your kill.
You feel your power returning.
The orc warrior moves out of view.
The blast of sand hits the orc wizard.
The orc wizard is moderately wounded.
The orc wizard closely misses you.
The blast of sand hits the orc wizard!
You kill the orc wizard!
Vehumet accepts your kill.
The orc warrior hits you with a +0 flail!
The orc warrior barely misses you.
The blast of sand hits the orc warrior.
The orc warrior is lightly wounded.
The orc warrior misses you.
The orc warrior hits you with a +0 flail.
The blast of sand hits the orc warrior.
The orc warrior is lightly wounded.
The orc warrior hits you with a +0 flail!
The orc warrior misses you.
You are too injured to fight recklessly!
You are too injured to fight recklessly!
You are too injured to fight recklessly!
Aiming: Sandblast (safe; 1% risk of failure)
Press: ? - help, Q - select action, (/) - cycle Shift-Dir - straight line, f/p - orc warrior
Aim: an orc warrior, wielding a +0 flail and wearing a +0 plate armour (lightly wounded, 84% to hit)
The blast of sand hits the orc warrior but does no damage.
The orc warrior is lightly wounded.
The orc warrior closely misses you.
The orc warrior hits you with a +0 flail.
Aiming: Sandblast (safe; 1% risk of failure)
Press: ? - help, Q - select action, (/) - cycle Shift-Dir - straight line, f/p - orc warrior
Aim: an orc warrior, wielding a +0 flail and wearing a +0 plate armour (lightly wounded, 84% to hit)
The blast of sand misses the orc warrior.
The orc warrior closely misses you.
The orc warrior hits you with a +0 flail!
* * * LOW HITPOINT WARNING * * *
It was a potion of flight.
You feel very buoyant.
You fly up into the air.
The orc warrior hits you with a +0 flail!
You die...

### ##### ####.####
##...##
#.......######)###)#
#..(...........# #.#
#.......######.###.###
........# #........#
#.......# #.##.###[#
#.......# #. #@# #.#
#.......# #. #o# #.#
###...### #>#.)# #.#
##.....## #.#)## #.#
#<......## .. #.#
.........# .). ..#
...."....+ .... ###
.......(.# ##...
#.......## #..#


You could see an orc warrior.

Vanquished Creatures
  Eustachio (D:5)
  Menkaure (D:5)
  Edmund (D:5)
  4 water moccasins
  An ice beast (D:5)
  A necrophage (D:5)
  2 scorpions
  2 hounds
  A jelly (D:6)
  4 orc priests
  9 iguanas
  4 orc wizards
  3 adders
  4 worms
  15 orcs
  8 ball pythons
  5 bats
  5 endoplasms
  7 giant cockroaches
  6 goblins
  8 hobgoblins
  2 jackals (D:4)
  3 quokkas
  2 frilled lizards (D:1)
  4 kobolds
  10 rats
113 creatures vanquished.

Notes
Turn   | Place    | Note
-------+----------+-------------------------------------------
     0 | D:1      | quixfox the Gargoyle Earth Elementalist began the quest for
                  | the Orb.
     0 | D:1      | Reached XP level 1. HP: 10/10 MP: 3/3
   158 | D:1      | Reached XP level 2. HP: 15/15 MP: 1/5
   231 | D:1      | Reached skill level 4 in Earth Magic
   647 | D:2      | Reached XP level 3. HP: 19/19 MP: 4/7
   650 | D:2      | Learned a level 2 spell: Passwall
   654 | D:2      | Learned a level 3 spell: Stone Arrow
  1015 | D:2      | Found a blossoming altar of Fedhas.
  1230 | D:2      | Found a faded altar of an unknown god.
  1508 | D:3      | Reached skill level 1 in Conjurations
  1516 | D:3      | Reached XP level 4. HP: 24/24 MP: 3/8
  1558 | D:3      | Found Soala's Antique Weapon Shop.
  2088 | D:4      | Reached skill level 5 in Earth Magic
  2241 | D:4      | Reached XP level 5. HP: 28/28 MP: 5/10
  2350 | D:4      | Found a glowing golden altar of the Shining One.
  2350 | D:4      | Found a radiant altar of Vehumet.
  2357 | D:4      | Found a shadowy altar of Dithmenos.
  2360 | D:4      | Became a worshipper of Vehumet
  2363 | D:4      | Found a white marble altar of Elyvilon.
  2365 | D:4      | Found a shimmering altar of Xom.
  2864 | D:4      | Learned a level 4 spell: Sticky Flame
  3160 | D:5      | Entered Level 5 of the Dungeon
  3160 | D:5      | Noticed Edmund
  3230 | D:4      | Reached XP level 6. HP: 29/32 MP: 5/11
  3281 | D:5      | Reached skill level 1 in Fire Magic
  3316 | D:5      | Noticed an ice beast
  3326 | D:5      | Killed an ice beast
  3465 | D:5      | Noticed a water moccasin
  3471 | D:5      | Killed a water moccasin
  3472 | D:5      | Reached skill level 6 in Earth Magic
  3472 | D:5      | Reached XP level 7. HP: 36/36 MP: 9/13
  3519 | D:5      | Noticed Eustachio
  3539 | D:5      | Killed Eustachio
  3540 | D:5      | Reached skill level 1 in Fighting
  4118 | D:5      | Reached * piety under Vehumet
  4118 | D:5      | Offered knowledge of Foxfire by Vehumet.
  4174 | D:5      | Reached XP level 8. HP: 38/44 MP: 10/14
  4451 | D:5      | Reached skill level 7 in Earth Magic
  4477 | D:5      | Noticed Menkaure
  4481 | D:5      | Killed Menkaure
  4482 | D:5      | Reached skill level 5 in Spellcasting
  4510 | D:5      | Killed Edmund
  4511 | D:5      | Reached skill level 5 in Conjurations
  5051 | D:6      | Reached XP level 9. HP: 52/52 MP: 17/17
  5091 | D:6      | Slain by an orc warrior

Illustrated notes

Levels and vault maps discovered:
D:1:      dpeg_arrival_ternary, layout_rooms
D:2:      layout_loops_ring, basic_altar, nicolae_ecumenical_lake_church
D:3:      layout_basic, serial_shops, shop
D:4:      layout_basic, chequers_temple_overflow_minitemple, minivault_27
D:5:      layout_cave_pools, uniq_eustachio, uniq_menkaure, uniq_edmund
D:6:      layout_loops_corners

Skill      XL: |  1  2  3  4  5  6  7  8 |
---------------+-------------------------+-----
Earth Magic    | 4 5 6 7 |  7.7
Conjurations   | 1 2 3 4 5 |  5.4
Spellcasting   | 3 4 5 |  5.4
Fire Magic     | 2 3 4 |  4.3
Fighting       | 2 3 |  3.9
Dodging        | |  1.5
Stealth        | |  2.1
Transmutations | |  0.7

Action                   |  1- 3 |  4- 6 |  7- 9 || total
-------------------------+-------+-------+-------++-------
Melee: Staff             |       |       |     4 ||     4
 Cast: Sandblast         |    47 |    76 |    91 ||   214
Evoke: Wand              |       |       |     4 ||     4
  Use: Scroll            |     2 |     2 |     6 ||    10
       Potion            |       |       |     2 ||     2
Armor: Robe              |     9 |    24 |    26 ||    59
Dodge: Dodged            |    15 |    41 |    43 ||    99

Table legend: (Time is in decaauts)
 A = Elapsed time spent in this place.
 B = Non-inter-level travel time spent in this place.
 C = Inter-level travel time spent in this place.
 D = Time resting spent in this place.
 E = Time spent auto-exploring this place.
 F = Levels seen in this place.
 G = Mean time per level.
                   A        B        C        D        E       F      G
               +--------+--------+--------+--------+--------+-----+--------+
         Total |   5318 |   5188 |    130 |   1032 |   2879 |   6 |  886.3 |
       Dungeon |   5318 |   5188 |    130 |   1032 |   2879 |   6 |  886.3 |
               +--------+--------+--------+--------+--------+-----+--------+

Top non-repeatable levels by time:
     D:5: 1526 daAuts
     D:4: 1275 daAuts
     D:2: 820 daAuts
     D:1: 666 daAuts
     D:3: 614 daAuts
     D:6: 414 daAuts
